AoeStats
← TheBarkingGecko

Highland

506962875Analyzed
2v2 RM · 17d ago on Sep 16, 2026· 79m 34s· 4 players
Game mode
Random Map
Map size
Medium (4 player)
Population
200
Speed
Normal
Resources
Standard
Victory
Conquest
Starting age
Dark Age
Ending age
Imperial Age
RankedLock teamsTeams togetherTeam positionsShared explorationLock speedFull tech treeHidden civsTurbo modeCheats
Victory
Defeat
🇦🇺 Britons · Australia
841
+7
🇦🇺 Teutons · Australia
812
+9
🇺🇸 Armenians · United States
629
-8
🇺🇸 Cumans · United States
629
-8
versus917
14:42 Feudal Age
16:06 Horse Collar
16:48 Double-Bit Axe
17:29 Man-at-Arms
18:37 Long Swordsman
19:28 Gold Mining
21:34 Forging
23:09 Scale Mail Armor
35:31 Castle Age
37:47 Two-Handed Swordsman
39:39 Bow Saw
40:08 Gold Shaft Mining
39:33 Stone Mining
39:21 Champion
41:35 Wheelbarrow
42:14 Iron Casting
41:56 Chain Mail Armor
42:04 Heavy Plow
45:16 Padded Archer Armor
45:27 Fletching
46:49 Bodkin Arrow
47:31 Leather Archer Armor
CameNYouxoxo
1:07 Loom
12:24 Loom
15:16 Feudal Age
16:57 Double-Bit Axe
23:10 Wheelbarrow
27:48 Castle Age
33:43 Hand Cart
34:17 Capped Ram
34:25 Capped Ram
38:40 Light Cavalry
39:42 Bloodlines
46:00 Scale Barding Armor
46:07 Scale Mail Armor
45:51 Horse Collar
TheBarkingGecko
1:37 Loom
11:27 Feudal Age
16:38 Horse Collar
16:45 Double-Bit Axe
18:46 Stone Mining
18:46 Gold Mining
19:35 Wheelbarrow
23:26 Castle Age
22:38 Forging
22:28 Scale Mail Armor
24:52 Squires
24:12 Man-at-Arms
26:35 Bow Saw
42:20 Hand Cart
43:08 Caravan
46:07 Heavy Plow
47:21 Gold Shaft Mining
48:27 Yeomen
48:08 Murder Holes
49:39 Ballistics
50:22 Fletching
49:57 Pikeman
50:24 Gambesons
51:14 Long Swordsman
73:19 Imperial Age
72:26 Bodkin Arrow
74:07 Bracer
74:09 Padded Archer Armor
74:45 Iron Casting
Gabos3083
10:35 Feudal Age
12:10 Horse Collar
12:41 Double-Bit Axe
20:52 Scale Barding Armor
20:59 Forging
22:54 Castle Age
24:02 Chain Barding Armor
24:19 Iron Casting
23:52 Caravan
24:09 Stone Mining
24:11 Gold Mining
24:14 Loom
25:44 Bloodlines
26:30 Heavy Plow
27:27 Stone Shaft Mining
27:09 Bow Saw
34:42 Scale Mail Armor
36:00 Chain Mail Armor
36:26 Ironclad
37:39 Wheelbarrow
42:05 Imperial Age
39:54 Hand Cart
39:25 Town Watch
41:02 Squires
40:47 Gambesons
40:51 Arson
41:37 Ironclad
41:43 Masonry
43:27 Plate Mail Armor
42:34 Cavalier
44:18 Blast Furnace
45:40 Plate Barding Armor
49:26 Fletching
51:04 Bodkin Arrow
53:41 Heavy Scorpion
54:08 Pikeman
56:52 Chemistry
60:01 Elite Teutonic Knight
61:03 Conscription
68:22 Crop Rotation
70:04 Guilds
70:27 Coinage
70:45 Padded Archer Armor
71:08 Ballistics
70:57 Siege Engineers
72:47 Two-Man Saw
74:36 Hoardings
75:05 Spies/Treason
Connection lost

Rejoining the realm…

Still unreachable

The connection could not be restored.

Session expired

The server has moved on; the page needs a fresh start.